 Dungeon Sprint DCSS version 0.29-a0-284-gf9362112df (webtiles) character file.

Game seed: 221601119470588689

214 mhtbhm the Spear-Bearer (level 5, -8/85 HPs)
             Began as a Minotaur Berserker on Mar 28, 2022.
             Was a Priest of Trog.
             Mangled by a fire elemental (9 damage)
             ... summoned by a deep elf pyromancer
             ... in the Dungeon (Sprint III: "The Ten Rune Challenge").
             The game lasted 00:01:04 (689 turns).

mhtbhm the Spear-Bearer (Minotaur Berserker)         Turns: 689, Time: 00:01:06

Health: -8/85      AC:  3    Str: 25    XL:     5   Next: 60%
Magic:  4/4        EV: 13    Int:  4    God:    Trog [***...]
Gold:   39         SH:  0    Dex: 10    Spells: 4/4 levels left

rFire   . . .      SeeInvis .   a - +0 spear
rCold   . . .      Faith    .   (no shield)
rNeg    . . .      Spirit   .   b - +0 animal skin
rPois   .          Reflect  .   (helmet restricted)
rElec   .          Harm     .   j - +0 cloak
rCorr   .          Rampage  .   (no gloves)
Will    .....      NoTele   +   (no boots)
Stlth   ..........              (no amulet)
HPRegen 0.24/turn               (no ring)
MPRegen 0.09/turn               (no ring)

@: berserking, on fire, glowing, very quick
A: horns 2, retaliatory headbutt, strong 1
a: Renounce Religion, Berserk, Trog's Hand


You were in the Dungeon.
You worshipped Trog.
Trog was most pleased with you.
You visited 1 branch You collected 39 gold pieces.

Inventory:

Hand Weapons
 a - a +0 spear (weapon)
Armour
 b - a +0 animal skin (worn)
 j - a +0 cloak (worn)
Scrolls
 h - a scroll of blinking
 i - a scroll of magic mapping {unknown}
 k - a scroll of torment {unknown}
 l - 2 scrolls of identify {unknown}
 n - 2 scrolls of immolation {unknown}
Potions
 c - a potion of curing
 d - a potion of heal wounds
 e - a potion of haste
 f - 2 potions of magic
 g - a potion of berserk rage
 m - a potion of brilliance {unknown}
 o - 2 potions of flight
 p - 4 potions of mutation


   Skills:
 + Level 9.0 Fighting
 + Level 9.5 Polearms
 + Level 5.1 Armour
 + Level 4.8 Dodging
 + Level 1.4 Stealth


You had 4 spell levels left.
You didn't know any spells.
Your spell library was empty.

Dungeon Overview and Level Annotations

Branches:
Dungeon (1/1)

Altars:
Dithmenos
Elyvilon
Kikubaaqudgha
Ru
Sif Muna
Vehumet
Yredelemnul
Zin
The Shining One


Innate Abilities, Weirdness & Mutations

You have a pair of horns on your head.
You reflexively headbutt those who attack you in melee.
Your muscles are strong. (Str +2)


Message History

The fire elemental hits you. The fire elemental burns you!
* * * LOW HITPOINT WARNING * * *
The fire elemental barely misses you.
You barely miss the fire elemental.
The fire elemental is heavily damaged.
Unknown command.
You closely miss the fire elemental.
The fire elemental is heavily damaged.
The fire elemental closely misses you. You furiously retaliate!
You headbutt the fire elemental. The fire elemental misses you.
You puncture the fire elemental!
The fire elemental is almost destroyed.
Unknown command.
You completely miss the fire elemental.
Your headbutt misses the fire elemental.
The fire elemental is almost destroyed.
The fire elemental barely misses you. You furiously retaliate!
You headbutt the fire elemental! The fire elemental barely misses you.
Unknown command.
You hit the fire elemental.
You destroy the fire elemental!
The fire elemental disappears in a puff of smoke!
The deep elf pyromancer mumbles some strange words.
The deep elf pyromancer blinks!
You puncture the fire elemental!
The fire elemental is moderately damaged.
The fire elemental closely misses you.
Unknown command.
You miss the deep elf pyromancer. The fire elemental hits you.
* * * LOW HITPOINT WARNING * * *
The fire elemental burns you!
* * * LOW HITPOINT WARNING * * *
You puncture the deep elf pyromancer!
The deep elf pyromancer is moderately wounded.
The deep elf pyromancer gestures at you while chanting.
The sticky flame hits you.
You are covered in liquid flames!
* * * LOW HITPOINT WARNING * * *
The fire elemental hits you. The fire elemental burns you!
You die...

▓▓▓▓ ▓▓▓ ...#### ##.#####
#### ......#####..#_§°#
#__# .......#..#..#§EE#
#._#
#.##...#..#..###@#+###[##
#.###..##'#..#...e......#
##.##†.###...'.⌠........#
..##..####...#...######+#
..##..###....#.⌠.#
.##...##.....#...#
##....#).....#[###
##..##.#.....#[:.#
#..#####....#___#


You could see a deep elf pyromancer and 2 fire elementals.

Vanquished Creatures
  A water elemental (D)
  A necrophage (D)
  Crazy Yiuf (D)
  A necromancer (D)
  A human (D)
  A kobold demonologist (D)
  An endoplasm (D)
  3 rats (D)
10 creatures vanquished.

Vanquished Creatures (others)
  A wizard (D)
1 creature vanquished.

Grand Total: 11 creatures vanquished

Notes
Turn   | Place    | Note
-------+----------+-------------------------------------------
     0 | D        | mhtbhm the Minotaur Berserker began the quest for the Orb.
     0 | D        | Reached XP level 1. HP: 19/19 MP: 0/0
    30 | D        | Reached ** piety under Trog
    52 | D        | Noticed Crazy Yiuf
    58 | D        | Killed Crazy Yiuf
    59 | D        | Reached skill level 5 in Fighting
    59 | D        | Reached skill level 5 in Polearms
    59 | D        | Reached XP level 2. HP: 30/30 MP: 1/1
    59 | D        | Reached XP level 3. HP: 37/37 MP: 2/2
   206 | D        | Gained mutation: Your muscles are strong. (Str +2) [potion
                  | of mutation]
   209 | D        | Noticed a water elemental
   213 | D        | Killed a water elemental
   214 | D        | Reached skill level 1 in Stealth
   214 | D        | Reached XP level 4. HP: 47/47 MP: 3/3
   249 | D        | Found a basalt altar of Yredelemnul.
   249 | D        | Found a shadowy altar of Dithmenos.
   249 | D        | Found a sacrificial altar of Ru.
   249 | D        | Noticed a necrophage
   252 | D        | Killed a necrophage
   252 | D        | Reached *** piety under Trog
   253 | D        | Reached XP level 5. HP: 35/53 MP: 4/4
   452 | D        | Found a radiant altar of Vehumet.
   452 | D        | Found a shimmering blue altar of Sif Muna.
   452 | D        | Found an ancient bone altar of Kikubaaqudgha.
   463 | D        | Reached skill level 5 in Armour
   471 | D        | Reached **** piety under Trog
   675 | D        | Found a glowing silver altar of Zin.
   675 | D        | Found a glowing golden altar of the Shining One.
   675 | D        | Found a white marble altar of Elyvilon.
   676 | D        | Noticed a deep elf pyromancer
   677 | D        | Noticed a fire elemental
   677 | D        | Noticed a fire elemental
   678 | D        | Noticed a fire elemental
   678 | D        | Noticed a fire elemental
   689 | D        | HP: 1/85 [deep elf pyromancer/sticky flame (5)]
   689 | D        | Mangled by a fire elemental

Illustrated notes

Levels and vault maps discovered:
D:        dungeon_sprint_mu [sprint_mu_entry_cave, sprint_mu_temple_rooms,
          sprint_mu_d1_spiders, sprint_mu_d2_genie, sprint_mu_d3_branching,
          sprint_mu_orc_legion, sprint_mu_elf_gauntlet, sprint_mu_hive_nellie,
          sprint_mu_lair_fedhas, sprint_mu_vaults_butterflies,
          sprint_mu_slime_circle, sprint_mu_shoals_kraken,
          sprint_mu_snake_twists, sprint_mu_blade_basic,
          sprint_mu_crypt_chambers, sprint_mu_tomb_spiral,
          sprint_mu_vestibule_basic, sprint_mu_gehenna_hellfire,
          sprint_mu_dis_giant, sprint_mu_tartarus_statrot,
          sprint_mu_cocytus_islands, sprint_mu_zot1]

Skill      XL: |  1  2  3  4  5 |
---------------+----------------+-----
Fighting       | 5 7 8 9 |  9.0
Polearms       | 5 7 8 9 |  9.5
Armour         | 3 4 5 |  5.1
Dodging        | 3 4 |  4.8
Stealth        | 1 |  1.4

Action                   |  1- 3 |  4- 6 || total
-------------------------+-------+-------++-------
Melee: Spear             |    23 |    32 ||    55
       Headbutt          |     2 |     4 ||     6
       Punch             |       |     1 ||     1
Invok: Berserk           |     2 |     3 ||     5
  Use: Potion            |     1 |       ||     1
 Stab: Sleeping          |     1 |       ||     1
Armor: Animal skin       |       |     4 ||     4
Dodge: Dodged            |     4 |     9 ||    13

Table legend: (Time is in decaauts)
 A = Elapsed time spent in this place.
 B = Non-inter-level travel time spent in this place.
 C = Inter-level travel time spent in this place.
 D = Time resting spent in this place.
 E = Time spent auto-exploring this place.
 F = Levels seen in this place.
 G = Mean time per level.
                   A        B        C        D        E       F      G
               +--------+--------+--------+--------+--------+-----+--------+
         Total |    713 |    713 |      0 |    548 |     35 |   1 |  713.0 |
       Dungeon |    713 |    713 |      0 |    548 |     35 |   1 |  713.0 |
               +--------+--------+--------+--------+--------+-----+--------+

Top non-repeatable levels by time:
       D: 713 daAuts
